 Dungeon Crawl Stone Soup version 0.30-a0-965-g42e074c17a (webtiles) character file.

Game seed: 10725151584342035015

854 cforsyth the Cudgeller (level 8, -5/65 HPs)
             Began as a Formicid Fighter on Mar 30, 2023.
             Killed from afar by a steam dragon (10 damage)
             ... with a ball of steam
             ... on level 4 of the Dungeon.
             The game lasted 00:05:08 (4849 turns).

cforsyth the Cudgeller (Formicid Fighter)           Turns: 4849, Time: 00:05:09

Health: -5/65      AC: 11    Str: 24    XL:     8   Next: 21%
Magic:  8/8        EV:  7    Int:  7    God:
Gold:   256        SH:  6    Dex: 13    Spells: 7/7 levels left

rFire   . . .      SeeInvis +    a - +0 flail
rCold   . . .      Faith    .    c - +1 buckler
rNeg    . . .      Spirit   .    w - +0 chain mail
rPois   .          Reflect  .    (helmet unavailable)
rElec   .          Rampage  .    x - +0 cloak
rCorr   .                        y - +0 pair of gloves
Will    .....                    (no boots) Stlth
                                 (no amulet)
HPRegen 0.30/turn                (no ring)
MPRegen 0.11/turn                (no ring)

@: no status effects
A: permanent stasis, dig shafts and tunnels, antennae 3, four strong arms
a: Dig, Shaft Self


You were on level 4 of the Dungeon.
You visited 1 branch of the dungeon, and saw 4 of its levels.
You also visited: Sewer.

You collected 256 gold pieces.

Inventory:

Hand Weapons
 a - a +0 flail (weapon)
Armour
 b - a +0 scale mail
 c - a +1 buckler (worn)
 w - a +0 chain mail (worn)
 x - a +0 cloak (worn)
 y - a +0 pair of gloves (worn)
Jewellery
 v - a ring of willpower
Wands
 p - a wand of iceblast (16)
Scrolls
 e - a scroll of brand weapon {unknown}
 f - 4 scrolls of identify
 j - a scroll of enchant armour
 k - a scroll of fear
 q - a scroll of vulnerability {unknown}
 r - a scroll of fog {unknown}
 u - a scroll of magic mapping
 z - 3 scrolls of immolation {unknown}
 A - a scroll of poison {unknown}
Potions
 d - 3 potions of might
 g - 3 potions of curing
 h - 2 potions of brilliance {unknown}
 i - a potion of magic {unknown}
 l - 4 potions of flight
 m - a potion of ambrosia {unknown}
 n - a potion of mutation {unknown}
 o - a potion of lignification {unknown}
 s - 2 potions of degeneration {unknown}
 t - 2 potions of attraction {unknown}


   Skills:
 + Level 6.4 Fighting
 * Level 7.4 Maces & Flails
 - Level 3.2 Armour
 - Level 4.0 Shields


You had 7 spell levels left.
You didn't know any spells.
Your spell library contained the following spells:

 Spells                   Type           Power      Damage    Failure   Level
 Lesser Beckoning         Tloc           0%         N/A       99%         2
 Momentum Strike          Conj/Tloc      0%         3d8       99%         2
 Blink                    Tloc           Unusable   N/A       N/A         2

Dungeon Overview and Level Annotations

Branches:
Dungeon (4/15)              Sewer (visited)
 Temple: D:4-7

Altars:


Innate Abilities, Weirdness & Mutations

You cannot be hasted, slowed, berserked, paralysed or teleported.
You can dig through walls and to a lower floor.
You have a pair of large antennae on your head. (SInv)
Your four strong arms can wield two-handed weapons with a shield.


Message History

* * * LOW HITPOINT WARNING * * *
The goblin hits you but does no damage. The steam dragon closely misses you.
You block the steam dragon's attack.
Unknown command.
The goblin closely misses you.
The steam dragon bites you but does no damage.
The steam dragon claws you but does no damage.
Unknown command.
You closely miss the steam dragon.
The steam dragon is heavily wounded.
The goblin hits you but does no damage. The steam dragon breathes steam at you.
The ball of steam hits you!
* * * LOW HITPOINT WARNING * * *
You hear an angry hiss.
The goblin barely misses you.
You hit the steam dragon.
The steam dragon is heavily wounded.
You are engulfed in a cloud of scalding steam.
The goblin hits you but does no damage.
The steam dragon bites you but does no damage.
The steam dragon claws you.
* * * LOW HITPOINT WARNING * * *
You thump the steam dragon!
The steam dragon is almost dead.
The goblin hits you with a +0 club.
* * * LOW HITPOINT WARNING * * *
You block the steam dragon's attack.
The steam dragon claws you but does no damage.
You hit the steam dragon but do no damage.
The steam dragon is almost dead.
You block the goblin's attack.
The steam dragon bites you but does no damage.
The steam dragon claws you but does no damage.
You hit the steam dragon but do no damage.
The steam dragon is almost dead.
The goblin hits you but does no damage. The steam dragon breathes steam at you.
The ball of steam hits you!
You die...

#.###......... ..............
#.........#.... ####.........
###.# ###.....#.#.....##.##
####....†...⌠...........
##.....................#. ##
#.......Dg.......###..#..
##.###[......@##.......##..#..
#....##..†....# .........##..
#..........#.# ..##.........
##..........#... .............
#...........#.... ...#....##
#.....................##.#####
#.....................###.##..
#.............................
###.#................#.###....


You could see a steam dragon (catching breath) and a goblin.

Vanquished Creatures
  Sigmund (D:2)
  Menkaure (D:4)
  An ogre (D:4)
  2 hounds
  Ijyb (D:4)
  2 iguanas (D:4)
  Natasha (thrice) (D:2)
  A sickly merfolk siren (Sewer)
  A malarious merfolk avatar (Sewer)
  9 adders
  3 river rats (Sewer)
  An ufetubus (D:4)
  2 worms
  4 dart slugs
  3 orcs (D:4)
  9 ball pythons
  9 bats
  5 endoplasms
  6 giant cockroaches
  5 goblins
  4 hobgoblins
  7 jackals
  9 kobolds
  5 quokkas
  9 frilled lizards
  30 rats
133 creatures vanquished.

Vanquished Creatures (others)
  A hobgoblin (D:4)
1 creature vanquished.

Grand Total: 134 creatures vanquished

Notes
Turn   | Place    | Note
-------+----------+-------------------------------------------
     0 | D:1      | cforsyth the Formicid Fighter began the quest for the Orb.
     0 | D:1      | Reached XP level 1. HP: 18/18 MP: 1/1
   175 | D:1      | Reached XP level 2. HP: 24/24 MP: 2/2
   495 | D:1      | Reached XP level 3. HP: 30/30 MP: 3/3
   519 | D:1      | Reached skill level 3 in Maces & Flails
   867 | D:2      | Noticed Sigmund
   877 | D:2      | Killed Sigmund
   878 | D:2      | Reached skill level 4 in Maces & Flails
   878 | D:2      | Reached XP level 4. HP: 32/38 MP: 4/4
   878 | D:2      | Reached XP level 5. HP: 36/43 MP: 5/5
   878 | D:2      | Reached XP level 6. HP: 42/50 MP: 6/6
   999 | D:2      | Reached skill level 5 in Maces & Flails
  1416 | D:2      | Noticed Natasha
  1420 | D:2      | Killed Natasha
  1499 | D:2      | Noticed Natasha
  1507 | D:2      | Killed Natasha
  1508 | D:2      | Reached skill level 5 in Fighting
  1626 | D:2      | Noticed Natasha
  1635 | D:2      | Killed Natasha
  2157 | D:3      | Found a glowing drain.
  2258 | Sewer    | Entered a sewer
  2336 | Sewer    | Reached XP level 7. HP: 55/56 MP: 7/7
  2542 | Sewer    | Reached skill level 6 in Maces & Flails
  3003 | D:3      | Found a faded altar of an unknown god.
  3660 | D:4      | Noticed Ijyb
  3675 | D:4      | Killed Ijyb
  4067 | D:4      | Noticed Menkaure
  4501 | D:4      | Killed Menkaure
  4502 | D:4      | Reached skill level 7 in Maces & Flails
  4502 | D:4      | Reached XP level 8. HP: 34/64 MP: 8/8
  4849 | D:4      | Killed from afar by a steam dragon

Illustrated notes

Levels and vault maps discovered:
D:1:      tarquinn_simple_flora_water_b, layout_basic
D:2:      layout_loops_ring, grunt_ministairs_7, uniq_natasha, uniq_sigmund
D:3:      layout_loops_cross, shapermc_ecumenical_altar_acropolis,
          gup_sewer_entry_glass
D:4:      layout_cave_pools, hangedman_feature_mirror, uniq_menkaure, uniq_ijyb

Skill      XL: |  1  2  3  4  5  6  7 |
---------------+----------------------+-----
Maces & Flails | 4 5 7 |  7.4
Fighting       | 4 5 6 |  6.4
Armour         | |  3.2
Shields        | |  4.0

Action                     |  1- 3 |  4- 6 |  7- 9 || total
---------------------------+-------+-------+-------++-------
  Melee: Flail             |    76 |   115 |   238 ||   429
    Use: Scroll            |       |     4 |       ||     4
 Armour: Scale mail        |    41 |    56 |    63 ||   160
         Chain mail        |       |       |    63 ||    63
  Dodge: Dodged            |    35 |    63 |   113 ||   211
  Block: Buckler           |    22 |    27 |    71 ||   120

Table legend: (Time is in decaauts)
 A = Elapsed time spent in this place.
 B = Non-inter-level travel time spent in this place.
 C = Inter-level travel time spent in this place.
 D = Time resting spent in this place.
 E = Time spent auto-exploring this place.
 F = Levels seen in this place.
 G = Mean time per level.
                   A        B        C        D        E       F      G
               +--------+--------+--------+--------+--------+-----+--------+
         Total |   4983 |   4727 |    256 |    690 |   2984 |   5 |  996.6 |
       Dungeon |   4328 |   4072 |    256 |    690 |   2649 |   4 | 1082.0 |
         Sewer |    655 |    655 |      0 |      0 |    334 |   1 |  655.0 |
               +--------+--------+--------+--------+--------+-----+--------+

Top non-repeatable levels by time:
     D:3: 1413 daAuts
     D:2: 1322 daAuts
     D:1: 860 daAuts
     D:4: 731 daAuts
   Sewer: 655 daAuts
